Map: Zen LE

Players

Ratl - Winner!

  • Race: Protoss Protoss
  • League: Silver
  • Spawn Location: 7:00

JCDJ

  • Race: Terran Terran
  • League: Silver
  • Spawn Location: 1:00

VOD

Have the link to the VOD?

Description

Time

  • Played on: Feb. 3, 2020, 1:50 p.m.
  • Length: 15:26
Show
View Real Time Build Order
Export as new Build Order

Ratl Protoss - Winner!

Build Orders:  

Get SALT Encoding   

  12  0:01  Probe  
  13  0:13  Probe  
  14  0:18  Pylon  
  14  0:25  Probe  
  15  0:37  Probe  
  15  0:40  Gateway  
  16  0:49  Probe  
  17  0:55  Assimilator  
  17  1:01  Probe  
  18  1:06  Gateway  
  18  1:14  Gateway  
  18  1:24  Probe  
  19  1:36  Probe, Assimilator  
  19  1:41  Cybernetics Core  
  19  1:48  Probe (Chrono Boost)  
  19  1:50  Pylon  
  20  2:00  Probe (Chrono Boost)  
  21  2:04  Probe (Chrono Boost)  
  22  2:15  Probe  
  23  2:19  Adept  
  23  2:21  Adept  
  27  2:27  Probe  
  28  2:32  Stargate  
  28  2:34  Warp Gate (Chrono Boost)  
  28  2:39  Probe  
  29  2:51  Probe  
  30  3:02  Pylon  
  30  3:03  Probe  
  31  3:16  Pylon  
  29  3:20  Probe, Adept x2  
  36  3:32  Probe  
  39  3:42  Void Ray  
  39  3:44  Probe  
  42  3:48  Stargate  
  42  3:56  Probe  
  42  4:01  Nexus  
  43  4:04  Adept  
  43  4:08  Probe  
  46  4:23  Fleet Beacon  
  46  4:24  Probe  
  47  5:02  Pylon  
  47  5:04  Pylon  
  47  5:07  Pylon  
  47  5:12  Probe, Oracle  
  51  5:15  Probe  
  52  5:24  Probe, Void Ray, Assimilator  
  52  5:27  Probe  
  58  5:41  Probe x2  
  60  5:53  Probe x2  
  60  5:54  Void Ray  
  66  6:08  Probe x2  
  68  6:20  Probe  
  68  6:21  Probe, Assimilator  
  70  6:27  Phoenix  
  70  6:30  Unknown  
  73  6:32  Probe  
  73  6:33  Probe  
  74  6:40  Void Ray (Chrono Boost)  
  78  7:12  Probe x2  
  78  7:15  Void Ray (Chrono Boost)  
  80  7:20  Nexus  
  84  7:24  Probe x2  
  86  7:32  Protoss Air Weapons Level 1 (Chrono Boost)  
  86  7:43  Pylon  
  86  7:44  Pylon  
  86  7:47  Pylon  
  86  7:48  Pylon  
  86  7:50  Pylon  
  86  7:52  Phoenix  
  86  7:54  Pylon  
  86  7:57  Pylon  
  86  8:00  Void Ray  
  86  8:01  Probe x2  
  94  8:12  Robotics Facility  
  94  8:13  Probe x2  
  94  8:17  Void Ray (Chrono Boost)  
  100  8:25  Probe x2  
  102  8:35  Probe  
  102  8:37  Probe x2  
  102  8:40  Void Ray (Chrono Boost)  
  105  8:41  Anion Pulse-Crystals  
  105  8:43  Assimilator  
  105  8:47  Assimilator  
  105  8:48  Probe  
  110  8:54  Void Ray (Chrono Boost)  
  114  8:57  Pylon  
  114  9:01  Immortal  
  118  9:14  Probe x3  
  121  9:26  Probe x3  
  95  9:58  Void Ray  
  95  9:59  Void Ray  
  103  10:01  Immortal  
  103  10:44  Immortal  
  103  10:46  Void Ray (Chrono Boost), Nexus  
  103  10:47  Void Ray (Chrono Boost)  
  115  10:53  Protoss Air Weapons Level 2  
  115  11:00  Forge  
  115  11:01  Forge  
  115  11:02  Gateway  
  115  11:05  Gateway  
  115  11:07  Gateway  
  115  11:09  Gateway  
  107  11:12  Warp Prism  
  107  11:16  Stalker x2  
  113  11:36  Robotics Facility  
  113  11:37  Void Ray x2 (Chrono Boost)  
  121  11:40  Robotics Facility  
  121  11:43  Robotics Facility  
  121  11:44  Protoss Ground Weapons Level 1 (Chrono Boost), Protoss Ground Armor Level 1 (Chrono Boost)  
  121  11:46  Cybernetics Core  
  121  11:49  Immortal (Chrono Boost)  
  125  12:04  Zealot  
  125  12:05  Zealot x3  
  133  12:10  Oracle  
  133  12:11  Oracle  
  133  12:14  Twilight Council  
  139  12:23  Immortal (Chrono Boost)  
  143  12:38  Oracle x2  
  143  12:40  Stalker x3  
  143  12:41  Stalker x2  
  153  12:47  Charge (Chrono Boost)  
  159  12:57  Immortal  
  163  13:12  Immortal  
  171  13:13  Immortal  
  171  13:15  Oracle, Void Ray  
  178  13:24  Pylon  
  178  13:26  Pylon  
  178  13:28  Adept  
  180  13:48  Immortal x2  
  151  14:20  Stalker x5  
  151  14:21  Stalker  
  147  14:47  Immortal x2  
Show
View Real Time Build Order
Export as new Build Order

JCDJ Terran 

Build Orders:  

Get SALT Encoding   

  12  0:02  SCV  
  13  0:18  Supply Depot  
  13  0:23  SCV  
  14  0:35  SCV  
  15  0:42  Barracks  
  15  0:48  SCV  
  16  0:54  Supply Depot  
  16  1:00  SCV  
  17  1:12  SCV  
  17  1:14  Supply Depot  
  18  1:33  Marine  
  19  1:40  SCV, Bunker  
  20  1:47  Refinery  
  20  1:51  Marine, Refinery  
  20  1:52  SCV  
  22  2:04  SCV  
  23  2:09  Marine  
  23  2:12  Barracks  
  24  2:16  SCV  
  25  2:27  Marine  
  25  2:28  SCV  
  27  2:40  SCV  
  28  2:49  Barracks Tech Lab  
  28  2:53  SCV  
  29  3:02  Barracks Tech Lab  
  29  3:04  Bunker  
  29  3:05  SCV  
  30  3:09  Concussive Shells  
  30  3:14  Marauder  
  30  3:17  Orbital Command  
  32  3:34  Command Center  
  32  3:44  Combat Shield  
  32  3:48  Marauder x2  
  36  4:01  SCV  
  37  4:08  Marine x2  
  39  4:11  Factory  
  39  4:28  Supply Depot  
  39  4:30  Stimpack  
  39  4:46  Marine x2, SCV  
  39  4:50  Supply Depot  
  42  5:01  Engineering Bay  
  42  5:02  Factory Tech Lab  
  42  5:10  SCV  
  43  5:14  Starport  
  43  5:40  Cyclone  
  43  5:42  Hi-Sec Auto Tracking  
  46  5:52  Starport  
  46  5:53  Marine x2  
  48  5:58  Planetary Fortress  
  48  6:02  Mag-Field Accelerator  
  48  6:08  Starport Reactor  
  48  6:11  Marine x2  
  50  6:20  Refinery  
  50  6:29  Marine x2  
  52  6:36  SCV  
  53  6:40  Terran Infantry Weapons Level 1  
  53  6:43  Starport Tech Lab  
  53  6:46  Marine, Refinery  
  53  6:47  Marine  
  54  6:48  SCV  
  56  6:54  Armory  
  56  7:00  SCV  
  57  7:04  Marine x2  
  59  7:13  SCV  
  60  7:22  Marine x2  
  61  7:25  SCV  
  61  7:28  Cyclone  
  66  7:37  SCV  
  66  7:40  Marine x2  
  69  7:49  SCV  
  69  7:51  Terran Ship Weapons Level 1  
  70  7:53  Supply Depot  
  70  8:04  Supply Depot  
  70  8:14  Raven, SCV, Cyclone  
  70  8:19  Hyperflight Rotors  
  76  8:21  Viking  
  76  8:26  SCV  
  76  8:27  Supply Depot  
  79  8:31  Supply Depot  
  79  8:34  Smart Servos  
  79  8:38  SCV  
  80  8:42  Medivac  
  82  8:50  Supply Depot  
  82  8:51  SCV, Medivac  
  85  9:03  SCV  
  86  9:15  SCV  
  87  9:19  Sensor Tower  
  87  9:26  Viking  
  87  9:27  SCV  
  72  9:39  SCV  
  58  9:45  Sensor Tower  
  58  9:48  Marine x2  
  59  9:56  Viking  
  53  10:05  Marine  
  53  10:06  Marine  
  55  10:23  Marine x2  
  57  10:35  Command Center  
  57  10:41  Marine x2  
  59  10:43  Terran Infantry Weapons Level 2  
  59  10:46  Terran Vehicle Weapons Level 1  
  59  10:59  Marine x2  
  61  11:17  Marine x2  
  63  11:34  Marine  
  63  11:35  Marine  
  63  11:38  Thor  
  71  11:52  Marine x2, Viking  
  75  12:00  SCV  
  76  12:10  Marine x2  
  76  12:12  SCV  
  79  12:17  Viking  
  81  12:28  Marine x2  
  83  12:35  Thor  
  89  12:42  Viking  
  89  12:43  Viking  
  93  12:46  Marine x2  
  93  12:47  Terran Vehicle And Ship Armor Level 1  
  95  13:04  Marine x2  
  97  13:17  Command Center  
  97  13:22  Marauder x2  
  101  13:31  Orbital Command  
  101  13:52  Missile Turret  
  101  13:54  Missile Turret  
  101  13:55  Sensor Tower  
  101  14:08  Raven  
  103  14:10  Viking  
  103  14:13  Missile Turret  
  75  14:18  Missile Turret  
  52  14:31  Marauder x2  
  43  14:52  Marauder x2  
Tags
 
Matchup
PvT
Spawn Locations
Cross Positions
Add a new tag
Caveats
  • Supply blocks, unpowered buildings, or Contaminate may cause inaccurate times.
  • Supply counts are checked every 10 seconds.